 Dungeon Crawl Stone Soup version 0.17.2-1-ge4368a0 (webtiles) character file.

497654 magipi the Bludgeoner (level 24, -1/222 HPs)
             Began as a Ghoul Berserker on Apr 7, 2017.
             Was a High Priest of Trog.
             Slain by an iron dragon (29 damage)
             ... on level 5 of the Vaults on Apr 12, 2017.
             The game lasted 06:10:58 (54481 turns).

magipi the Bludgeoner (Ghoul Berserker)            Turns: 54481, Time: 06:10:58

Health: -1/222     AC: 30    Str: 23    XL:     24   Next: 85%
Magic:  10/10      EV: 26    Int:  6    God:    Trog [*****.]
Gold:   2043       SH:  0    Dex: 16    Spells: 0 memorised, 23 levels left

rFire  + + .     SeeInvis +     b - +7 great mace (antimagic)
rCold  + + .     Clarity  .     R - +5 fire dragon armour
rNeg   + + +     SustAt   .     (shield currently unavailable)
rPois  ∞         Gourm    .     C - +0 helmet {Int+3}
rElec  .         Spirit   .     w - +2 cloak {+Inv}
rCorr  .         Warding  .     v - +1 pair of gloves "Tyrhuot" {rC+}
rMut   .         Stasis   .     K - +1 pair of boots
MR     +++..                    x - amulet of faith
Stlth  ..........               E - +4 ring of evasion
                                i - ring of Wuac {rC+ SInv}

@: regenerating, rotting, extremely resistant to hostile enchantments, extremely
unstealthy
A: rotting body, claws 1, carnivore 3, cold resistance 1, negative energy
resistance 3, slow regeneration 1, torment resistance, unbreathing
a: Trog's Hand, Brothers in Arms, Burn Spellbooks, Renounce Religion, Evoke
Invisibility
}: 3/15 runes: barnacled, silver, gossamer


You were on level 5 of the Vaults.
You worshipped Trog.
Trog was extremely pleased with you.
You were not hungry.

You visited 7 branches of the dungeon, and saw 45 of its levels.
You visited 2 bazaars.
You also visited: Labyrinth.

You collected 6249 gold pieces.
You spent 4206 gold pieces at shops.

Inventory:

Hand Weapons
 a - a +7 great mace of freezing
 b - a +7 antimagic great mace (weapon)
 e - the +8 dire flail "Beimekkamucs" {freeze, rElec MR- Int+2 SInv}
   (Trog gifted it to you on level 4 of the Orcish Mines)

   It has been specially enchanted to freeze those struck by it, causing extra
   injury to most foes and up to half again as much damage against particularly
   susceptible opponents.
   It can also slow down cold-blooded creatures.
   It affects your intelligence (+2).
   It insulates you from electricity.
   It affects your resistance to hostile enchantments.
   It lets you see invisible.
Missiles
 k - 5 throwing nets
 y - 13 poisoned javelins (quivered)
Armour
 v - the +1 pair of gloves "Tyrhuot" (worn) {rC+}
   (You bought it in a shop in a bazaar)

   It protects you from cold.
 w - a +2 cloak of invisibility (worn)
 C - a +0 helmet of intelligence (worn)
 K - a +1 pair of boots (worn)
 R - a +5 fire dragon armour (worn)
Jewellery
 f - the ring "Iviemywa" {rF+ rC+ rN+}
   (You took it off a tengu warrior on level 3 of the Depths)

   [ring of protection from fire]

   It protects you from fire.
   It protects you from cold.
   It protects you from negative energy.
 i - the ring of Wuac (left hand) {rC+ SInv}
   (You bought it in a shop in a bazaar)

   [ring of see invisible]

   It protects you from cold.
   It lets you see invisible.
 q - the ring "Tayfagol" {+/*Tele Int+4, unknown}
   (You took it off a deep elf priest on level 5 of the Vaults)

   [ring of teleportation]

   It may teleport you next to monsters, and can be evoked to randomly teleport.
   It affects your intelligence (+4).
 x - an amulet of faith (around neck)
 E - a +4 ring of evasion (right hand)
 M - an uncursed amulet of resist corrosion
Wands
 h - a wand of paralysis (1)
 l - a wand of disintegration (4)
 n - a wand of digging (3)
 t - a wand of disintegration (7)
 z - a wand of teleportation (1)
 A - a wand of enslavement (4)
 B - a wand of draining (8)
 G - a wand of digging (13)
 H - a wand of fire (2)
 I - a wand of fireball (6)
 L - a wand of fire (10)
 S - a wand of paralysis (8)
 W - a wand of confusion (23)
 X - a wand of digging (5)
 Z - a wand of draining (5)
Scrolls
 j - 8 scrolls of identify
 m - a scroll of teleportation
 r - a scroll of recharging
 J - 2 scrolls of fear
 N - 6 scrolls of remove curse
 O - 3 scrolls of silence
 T - a scroll of summoning
 U - 6 scrolls of fog
 V - 3 scrolls of immolation
 Y - 5 scrolls of magic mapping
Potions
 d - 6 potions of heal wounds
 o - 12 potions of might
 p - 2 potions of resistance
 s - 9 potions of haste
 u - 14 potions of curing
 D - 6 potions of agility
 F - a potion of invisibility
Miscellaneous
 g - a phantom mirror
 Q - a phial of floods
Comestibles
 c - 24 meat rations
 P - 4 chunks of flesh


   Skills:
 + Level 19.4 Fighting
 - Level 20.2 Maces & Flails
 - Level 12.0 Throwing
 + Level 18.2 Armour
 + Level 18.0 Dodging
 - Level 12.4 Evocations


You had 23 spell levels left.
You didn't know any spells.

Dungeon Overview and Level Annotations

Branches:
Dungeon (15/15)            Temple (0/1) D:5            Lair (8/8) D:10
 Shoals (4/4) Lair:5       Spider (4/4) Lair:6        Slime (0/6) Lair:6
    Orc (4/4) D:10            Elf (0/3) Orc:3        Vaults (5/5) D:13
  Crypt (0/3) Vaults:3     Depths (5/5) D:15            Zot (0/5) Depths:5

Altars:
Cheibriados
Dithmenos
Elyvilon
Makhleb
Nemelex Xobeh
Okawaru
Trog
Yredelemnul
Jiyva

Shops:
D:10 *}[?(   D:14 *!?((   Orc:4 ?=(=   Vaults:2 ?!=}   Vaults:3 [   Depths:1 (
Depths:3 [

Portals:
Hell: Depths:1 Depths:3 Depths:4 Depths:5
Abyss: Depths:4 Depths:5
Pandemonium: Depths:3
Ziggurat: Depths:4

Annotations:
D:12 1 runed door
D:13 exclusions: ice statue and orange crystal statue
Lair:6 1 runed door
Orc:4 Rupert
Depths:4 the Enchantress


Innate Abilities, Weirdness & Mutations

Your body is rotting away.
You thrive on raw meat.
You are immune to poison.
You have sharp fingernails.
You are carnivorous and can eat meat at any time.
Your flesh is cold resistant.
You are immune to negative energy.
You regenerate slowly when monsters are visible.
You are immune to unholy pain and torment.
You can survive without breathing.


Message History

The hell knight is heavily wounded.
The hell knight hits you with a demon blade of flaming!!!
The hell knight burns you.
You barely miss the hell knight.
The hell knight is moderately wounded.
The hell knight hits you with a demon blade of flaming!
The hell knight burns you.
You sock the hell knight! You freeze the hell knight.
The hell knight is heavily wounded.
The ancient lich gestures wildly while chanting.
The hell knight completely misses you.
You crush the hell knight like a grape!!!
You freeze the hell knight!
You kill the hell knight!
Trog accepts your kill.
Trog appreciates your killing of a magic user.
The iron dragon breathes metal splinters at you.
The spray of metal splinters misses you.
Things that are here:
a long sword; a translucent chain mail; a battleaxe of freezing Unknown command.
The ancient lich barely misses you.
Things that are here:
a long sword; a translucent chain mail; a battleaxe of freezing Unknown command.
The ancient lich completely misses you.
Unknown command.
Your +7 great mace of freezing stops glowing.
You feel magic leave you.
b - a +7 antimagic great mace (weapon)
The ancient lich points at you and mumbles some strange words.
The bolt of acid hits you!
The acid burns!
The battlesphere fires!
The barrage of energy hits you!
Unknown command.
You thump the ancient lich!
The ancient lich's magic leaks into the air.
The ancient lich is lightly damaged.
You closely miss the ancient lich.
The ancient lich is lightly damaged.
The ancient lich completely misses you.
You hit the ancient lich.
The ancient lich's magic leaks into the air.
The ancient lich is lightly damaged.
The iron dragon breathes metal splinters at you.
The spray of metal splinters hits you! The ancient lich completely misses you.
You hear a shout!
You hit the ancient lich but do no damage.
The ancient lich is lightly damaged.
You sock the ancient lich!
The ancient lich's magic leaks into the air.
The ancient lich is moderately damaged.
The ancient lich touches you but does no damage.
The iron dragon misses you. x3
You hit the ancient lich.
The ancient lich's magic leaks into the air.
The ancient lich is heavily damaged.
The ancient lich touches you!
The ironbrand convoker casts a spell at the ancient lich.
The ancient lich seems to grow stronger.
You bludgeon the ancient lich!!
The ancient lich's magic leaks into the air.
The ancient lich is severely damaged.
The iron dragon bites you but does no damage.
The iron dragon barely misses you. The iron dragon completely misses you.
The ancient lich falters for a moment.
You hit the ancient lich but do no damage.
The ancient lich is severely damaged.
You feel the effects of Trog's Hand fading.
The ironbrand convoker gestures at the iron dragon while chanting.
The iron dragon seems to grow stronger.
The iron dragon bites you!! The iron dragon misses you.
The iron dragon tramples you!
You hold your ground!
Unknown command.
You hit the ancient lich but do no damage.
The ancient lich is severely damaged.
The ancient lich completely misses you.
Unknown command.
You hit the ancient lich but do no damage.
The ancient lich is severely damaged.
The iron dragon breathes metal splinters at you.
The spray of metal splinters misses you.
The ancient lich completely misses you.
You hear a shout!
You bludgeon the ancient lich!!
The ancient lich's magic leaks into the air.
The ancient lich is almost destroyed.
You barely miss the ancient lich.
The ancient lich is almost destroyed.
The ancient lich misses you. The iron dragon bites you!!
* * * LOW HITPOINT WARNING * * *
The iron dragon claws you but does no damage.
The iron dragon tramples you.
* * * LOW HITPOINT WARNING * * *
You hold your ground!
You closely miss the ancient lich.
The ancient lich is almost destroyed.
The ancient lich launches a ball of destructive magic.
The wavering orb of destruction weakly hits you!
* * * LOW HITPOINT WARNING * * *
The iron dragon bites you!!
You die...

........................... .....
.......(................... .....
#######...).)..##################
........)p.D...)÷#.#.#.....#.#.#.
........#)...#.#)#.#.#.#.#(#.#[).
..O..OO.#..).#O#)#...#)#.#.#.#.#.
.#####..#....#.#p#.#.#.#.#.).#.#.
W#...#.o#....#.#LD*#.#.#.)[#.#/#.
.'...#o.#....#.#@#))(#.).#[#.).#[
)#...#..#....#.#.#)#(#.#.#[#.#.#.
p#####..#....#.#.#.#)))#.#(..#.#.
3W......#....#[#.#.#.#.#)#.#.#.#.
p..4....#....#.#...#)#...#[#.#...
..pC.p..# #.#)#)#.#.#[..#.#.
u.Z....D# #.#.#)#.#.#(#.#.#.
....Q..p# #.#)#)#.#..}#.#.#.
.#####C.# #.#)#)).#.#[#.#...


You could see an iron dragon, an ancient lich and an ironbrand convoker.

Vanquished Creatures
  An ancient lich (Vaults:5)
  Margery (Depths:4)
  Saint Roka (Vaults:4)
  A caustic shrike (Depths:3)
  6 golden dragons
  A bone dragon (Depths:5)
  3 tentacled monstrosities
  5 liches
  Asterion (Vaults:2)
  4 titans
  3 sphinxes
  Agnes (D:15)
  3 tengu reavers
  8 fire giants
  A storm dragon (shapeshifter) (Vaults:5)
  2 shadow dragons (Vaults:5)
  7 storm dragons
  A deep elf sorcerer (Depths:3)
  Donald (Shoals:1)
  2 iron dragons (Depths:3)
  9 frost giants
  A draconian scorcher (Depths:5)
  5 emperor scorpions
  A caustic shrike zombie (Depths:4)
  A draconian zealot (Depths:5)
  4 ghost moths (Spider:4)
  16 vault wardens
  A war gargoyle (Vaults:2)
  11 ironheart preservers
  2 spriggan defenders
  17 very ugly things
  17 stone giants
  3 vampire knights
  2 green draconians (Depths:5)
  3 deep elf demonologists
  A black draconian (Depths:5)
  2 salamander stormcallers
  2 white draconians (Depths:5)
  A minotaur (Lab)
  A deep elf annihilator (Vaults:5)
  A mottled draconian (Depths:5)
  An eidolon (Vaults:3)
  35 vault guards
  2 deep elf death magi (Vaults:5)
  4 merfolk javelineers
  A crystal guardian (Vaults:4)
  An ettin (shapeshifter) (Depths:5)
  17 yaktaur captains
  The ghost of Goblin1989 the Cleaver, a journeyman DsAr of Gozag (Lair:3)
  12 fire dragons
  21 ogre magi
  5 merfolk impalers
  Josephine (D:11)
  15 ettins
  2 jiangshi (Depths:5)
  5 deep elf high priests (Vaults:5)
  4 great orbs of eyes
  A rakshasa (Depths:3)
  9 entropy weavers
  A spriggan air mage (Depths:5)
  5 ice dragons
  3 catoblepae (Lair:8)
  13 hydras
  2 merfolk avatars (Shoals:4)
  9 centaur warriors
  2 alligator snapping turtles
  Erica (D:11)
  17 death yaks
  12 deep troll shamans
  A vampire mage (Depths:5)
  2 dancing weapons (Vaults:5)
  11 deep troll earth magi
  3 orc high priests (Orc:4)
  6 tengu warriors
  3 spriggan berserkers
  5 hell knights
  4 iron trolls
  7 giant orange brains
  A fire crab (shapeshifter) (Vaults:3)
  2 unseen horrors (shapeshifter) (Vaults:1)
  5 deep elf knights
  3 unseen horrors
  6 sea snakes
  A kraken simulacrum (Shoals:4)
  4 flayed ghosts
  7 wizards
  A deep elf summoner (Vaults:1)
  21 orc knights
  27 harpies
  12 ironbrand convokers
  37 deep trolls
  3 phantasmal warriors
  12 hill giants
  An orc sorcerer (D:15)
  15 orb spiders
  A lindwurm (shapeshifter) (Vaults:5)
  A faun (shapeshifter) (Vaults:5)
  13 manticores
  A sphinx zombie (Depths:4)
  A shadow dragon skeleton (Vaults:5)
  A harpy (shapeshifter) (Vaults:2)
  An orb spider (shapeshifter) (Vaults:1)
  32 wolf spiders
  7 necromancers
  2 hornets (shapeshifter)
  3 deep elf conjurers
  63 ugly things
  8 hornets
  5 water nymphs
  2 moths of wrath (Spider:4)
  A tengu skeleton (Depths:4)
  17 griffons
  7 fauns (Shoals:1)
  5 cyclopes
  4 sirens
  A fire giant skeleton (Vaults:5)
  18 elephants
  Maurice (D:11)
  A black mamba (Lair:5)
  A torpor snail (Spider:3)
  19 vault sentinels
  A spiny frog (shapeshifter) (Vaults:4)
  A torpor snail (shapeshifter) (Vaults:1)
  An elf zombie (Vaults:5)
  4 gargoyles
  A salamander skeleton (Vaults:2)
  11 spiny frogs
  7 komodo dragons
  4 fire drakes
  5 trolls
  11 demonic crawlers
  43 yaktaurs
  14 merfolk
  7 freezing wraiths
  A shadow dragon simulacrum (Vaults:3)
  3 deep elf priests
  21 jumping spiders
  9 wind drakes (Depths:1)
  2 polar bears
  7 boulder beetles
  A queen bee (shapeshifter) (Vaults:2)
  A trapdoor spider zombie (D:12)
  22 slime creatures
  A boulder beetle (shapeshifter) (Depths:1)
  8 snapping turtles
  26 blink frogs
  A spriggan (Depths:4)
  34 two-headed ogres
  17 air elementals
  5 wraiths
  52 redbacks
  32 trapdoor spiders
  2 wyverns
  A centaur simulacrum (D:14)
  2 vampires
  13 water elementals
  3 deep elf fighters
  A basilisk (Lair:3)
  24 tarantellas
  7 deep elf magi
  45 yaks
  A hippogriff (shapeshifter) (Depths:3)
  A human (shapeshifter) (Vaults:3)
  A fire bat (shapeshifter) (Vaults:1)
  11 vampire mosquitoes
  9 hippogriffs
  13 wolves
  17 insubstantial wisps (Depths:1)
  10 water moccasins
  11 porcupines
  4 mottled dragons
  4 wargs
  Duvessa (D:7)
  3 sky beasts
  An ice beast (D:8)
  2 phantoms
  2 necrophages
  74 ogres
  26 spiders
  16 boggarts
  50 orc warriors
  An eye of draining (shapeshifter) (Vaults:5)
  A black bear (Lair:4)
  3 human skeletons
  11 crocodiles
  21 centaurs
  4 big kobolds
  18 giant frogs
  A glowing shapeshifter simulacrum (Depths:4)
  A wyvern zombie (D:13)
  A wyvern skeleton (D:12)
  Dowan (D:7)
  2 scorpions
  10 killer bees
  12 electric eels
  2 quasits
  13 wights
  3 jellies
  An iron imp (Depths:3)
  6 crimson imps
  11 hounds
  A wyvern simulacrum (D:13)
  A human simulacrum (Vaults:3)
  Ijyb (D:3)
  25 orc wizards
  4 giant frog skeletons
  30 orc priests
  7 centaur skeletons
  7 iguanas
  Natasha (D:3)
  17 worker ants
  A killer bee zombie (D:8)
  26 sheep
  3 mummies (Depths:4)
  A hound zombie (D:6)
  2 hound skeletons (D:11)
  Robin (D:2)
  3 gnolls
  37 river rats
  16 adders
  3 shadow imps
  A giant eyeball (shapeshifter) (Vaults:5)
  An ooze (D:2)
  An adder zombie (D:7)
  2 worms
  3 giant geckos
  174 orcs
  14 bats
  14 giant cockroaches
  19 goblins
  9 hobgoblins
  7 jackals
  11 kobolds
  7 quokkas
  3 ball pythons
  A giant gecko skeleton (D:7)
  4 giant newts
  A quokka skeleton (D:6)
  10 rats
  A crawling corpse (Vaults:4)
  2 fungi
  A tentacle (Shoals:4)
2076 creatures vanquished.

Vanquished Creatures (collateral kills)
  A juggernaut (Depths:5)
  Arachne (Spider:2)
  Maud (Orc:3)
  A juggernaut zombie (Depths:4)
  2 spriggan defenders (Depths:4)
  A merfolk javelineer (Shoals:4)
  Harold (Orc:3)
  A merfolk aquamancer (Shoals:3)
  A deep troll earth mage (Depths:5)
  2 orc high priests (Orc:4)
  A deep troll (Depths:5)
  An orb spider (Spider:3)
  An orc sorcerer (Vaults:4)
  An ugly thing (D:8)
  A wolf spider (Spider:2)
  A water nymph (Shoals:3)
  A kobold demonologist (D:8)
  A troll (shapeshifter) (D:8)
  A merfolk (Shoals:4)
  2 trolls (D:8)
  A snapping turtle (Shoals:3)
  A wraith (D:8)
  A tarantella (shapeshifter) (Depths:3)
  A redback (Spider:3)
  An orc warrior (Vaults:4)
  A centaur (D:8)
  A crimson imp (D:8)
  An orc wizard (Vaults:4)
  4 orcs
  A quokka (D:8)
  A spectral weapon (Vaults:2)
37 creatures vanquished.

Vanquished Creatures (others)
  A large abomination (Vaults:4)
  2 eldritch tentacles (Depths:5)
  A draconian knight (Depths:5)
  An ironheart preserver (Vaults:5)
  A salamander stormcaller (D:15)
  An ettin (Vaults:5)
  A deep troll shaman (Depths:1)
  A deep troll earth mage (Depths:5)
  16 ball lightnings (Depths:1)
  A deep troll (Depths:1)
  An ugly thing (Depths:1)
  A wolf spider (Vaults:5)
  A black mamba (Lair:8)
  A vault sentinel (Vaults:5)
  A yaktaur (Vaults:4)
  A slime creature (Depths:1)
  A two-headed ogre (Vaults:4)
  2 ogres
  2 sheep (Lair:8)
  158 eldritch tentacle segments (Depths:5)
  14 fungi
  40 plants
  7 tentacles (Shoals:4)
  81 tentacle segments (Shoals:4)
337 creatures vanquished.

Grand Total: 2450 creatures vanquished

Notes
Turn   | Place    | Note
--------------------------------------------------------------
     0 | D:1      | magipi the Ghoul Berserker began the quest for the Orb.
     0 | D:1      | Reached XP level 1. HP: 19/19 MP: 0/0
    97 | D:1      | Reached XP level 2. HP: 8/26 MP: 1/1
   491 | D:1      | Reached ** piety under Trog
   668 | D:2      | Reached XP level 3. HP: 31/31 MP: 2/2
   834 | D:2      | Reached skill level 4 in Maces & Flails
   954 | D:2      | Found a bloodstained altar of Trog.
  1015 | D:2      | Reached XP level 4. HP: 35/37 MP: 3/3
  1172 | D:2      | Reached *** piety under Trog
  1306 | D:3      | Noticed Robin
  1409 | D:2      | Reached skill level 5 in Maces & Flails
  1409 | D:2      | Reached XP level 5. HP: 40/44 MP: 4/4
  1438 | D:2      | Killed Robin
  1772 | D:3      | Noticed Ijyb
  1816 | D:3      | Killed Ijyb
  1886 | D:3      | Found a bloodstained altar of Trog.
  1935 | D:2      | Reached XP level 6. HP: 43/51 MP: 5/5
  2116 | D:3      | Reached skill level 6 in Maces & Flails
  2192 | D:3      | Noticed Natasha
  2212 | D:3      | Killed Natasha
  2428 | D:4      | Reached **** piety under Trog
  2506 | D:5      | Entered Level 5 of the Dungeon
  2562 | D:5      | Got a brightly glowing leather armour
  2791 | D:4      | Reached skill level 7 in Maces & Flails
  2791 | D:4      | Reached XP level 7. HP: 45/57 MP: 6/6
  2857 | D:4      | Found a burning altar of Makhleb.
  2999 | D:4      | Noticed a water moccasin
  3010 | D:4      | Killed a water moccasin
  3010 | D:4      | Reached skill level 8 in Maces & Flails
  3171 | D:4      | Reached XP level 8. HP: 58/63 MP: 7/7
  3525 | D:5      | Found a staircase to the Ecumenical Temple.
  3618 | D:5      | Found a shadowy altar of Dithmenos.
  3937 | D:5      | Reached skill level 9 in Maces & Flails
  4236 | D:6      | Identified the +1 leather armour of the Turtledove {rElec MR+ rCorr} (You found it on level 5 of the Dungeon)
  5030 | D:6      | Found a sparkling altar of Nemelex Xobeh.
  5052 | D:6      | Found a white marble altar of Elyvilon.
  5053 | D:6      | Found a snail-covered altar of Cheibriados.
  5171 | D:6      | Reached skill level 5 in Fighting
  5171 | D:6      | Reached XP level 9. HP: 34/74 MP: 8/8
  5865 | D:7      | Noticed Dowan
  5888 | D:7      | Killed Dowan
  5941 | D:7      | Noticed Duvessa
  6023 | D:7      | Killed Duvessa
  6023 | D:7      | Reached ***** piety under Trog
  6104 | D:7      | Reached skill level 1 in Evocations
  6194 | D:7      | Reached skill level 10 in Maces & Flails
  6513 | D:8      | Identified a scroll of acquirement
  6866 | D:8      | Reached skill level 5 in Armour
  6893 | D:8      | Noticed a purple ugly thing
  6909 | D:8      | Killed a purple ugly thing
  6909 | D:8      | Reached XP level 10. HP: 82/82 MP: 11/11
  6917 | D:8      | Noticed a kobold demonologist
  6921 | D:8      | Killed a kobold demonologist
  7065 | D:8      | Killed an unseen horror
  8251 | D:8      | Reached skill level 11 in Maces & Flails
  8316 | D:9      | Reached skill level 5 in Evocations
  8444 | D:9      | Reached XP level 11. HP: 64/94 MP: 13/13
  8622 | D:10     | Entered Level 10 of the Dungeon
  8622 | D:10     | Found a staircase to the Orcish Mines.
  8804 | D:10     | Found Apuottiz's Antique Armour Shop.
  8831 | D:10     | Bought a pair of boots for 108 gold pieces
  8836 | D:10     | Found Yruceff's Magic Scroll Boutique.
  8845 | D:10     | Bought a scroll of teleportation for 36 gold pieces
  8845 | D:10     | Bought a scroll of identify for 24 gold pieces
  8845 | D:10     | Bought a scroll of teleportation for 36 gold pieces
  8845 | D:10     | Bought a scroll of identify for 24 gold pieces
  8845 | D:10     | Bought a scroll of identify for 24 gold pieces
  8961 | D:9      | Received a gift from Trog
  9012 | D:10     | Found a staircase to the Lair.
  9047 | D:10     | Found Kiteog's Gadget Shoppe.
  9048 | D:10     | Found Rachiof's General Store.
  9084 | D:10     | Bought a wand of teleportation (5) for 351 gold pieces
  9121 | D:10     | Noticed a hill giant
  9126 | D:10     | Killed a hill giant
  9202 | D:10     | Found Jaboupemm's Antique Weapon Emporium.
  9305 | D:11     | Noticed a hill giant
  9309 | D:11     | Killed a hill giant
  9369 | D:11     | Found a labyrinth entrance.
  9378 | Lab      | Entered a labyrinth
  9783 | Lab      | Noticed a minotaur
  9799 | Lab      | Killed a minotaur
  9807 | Lab      | Got a slimy scale mail
  9818 | Lab      | Identified the +6 scale mail of Ifofrunao {rF- rC++ Stlth+} (You took it off a minotaur in a labyrinth)
  9852 | Lab      | Got a dazzling scale mail
  9863 | Lab      | Identified the cursed +1 scale mail of Unreason {rPois rC- Stlth+} (You found it in a labyrinth)
  9936 | D:11     | Noticed a hill giant
  9945 | D:11     | Killed a hill giant
 10043 | D:11     | Noticed Maurice
 10049 | D:11     | Killed Maurice
 10208 | Orc:1    | Entered Level 1 of the Orcish Mines
 10769 | Orc:3    | Noticed Harold
 10800 | Orc:3    | Killed Harold
 10930 | Orc:3    | Noticed Maud
 10936 | Orc:3    | Killed Maud
 10936 | Orc:3    | Reached XP level 12. HP: 71/106 MP: 9/16
 11037 | Orc:4    | Entered Level 4 of the Orcish Mines
 11057 | Orc:4    | Found an iron altar of Okawaru.
 11195 | Orc:4    | Received a gift from Trog
 11211 | Orc:4    | Got a jewelled dire flail {god gift}
 11212 | Orc:4    | Identified the +8 dire flail "Beimekkamucs" {freeze, rElec MR- Int+2 SInv} (Trog gifted it to you on level 4 of the Orcish Mines)
 11333 | Orc:3    | Found a staircase to the Elven Halls.
 11531 | Orc:4    | Noticed Rupert
 11723 | Orc:4    | Reached skill level 10 in Fighting
 12101 | Orc:4    | Noticed an orc high priest
 12130 | Orc:4    | Killed an orc high priest
 12212 | Orc:4    | HP: 3/106 [orc warrior/long sword (9)]
 12292 | Orc:4    | Received a gift from Trog
 12401 | Orc:4    | Reached skill level 5 in Dodging
 12408 | Orc:4    | Got a steaming eveningstar {god gift}
 12409 | Orc:4    | Identified the +5 eveningstar "Tormentor" {speed, *Corrode rElec rC+++ Int+4} (Trog gifted it to you on level 4 of the Orcish Mines)
 12472 | Orc:4    | Noticed an orc high priest
 12495 | Orc:4    | Killed an orc high priest
 12551 | Orc:4    | Noticed an orc high priest
 12565 | Orc:4    | Killed an orc high priest
 12615 | Orc:4    | Noticed an orc high priest
 12619 | Orc:4    | Noticed an orc high priest
 12627 | Orc:4    | HP: 4/108 [sixfirhy[an orc high priest] (9)]
 12627 | Orc:4    | Killed an orc high priest
 12636 | Orc:4    | Killed an orc high priest
 12699 | Orc:4    | Found Wekes's Weapon Emporium.
 12699 | Orc:4    | Found Deref's Jewellery Emporium.
 12700 | Orc:4    | Found Efufeal's Magic Scroll Emporium.
 12700 | Orc:4    | Found Livaigg's Jewellery Shoppe.
 12716 | Orc:4    | Bought a scroll of silence for 97 gold pieces
 12716 | Orc:4    | Bought a scroll of blinking for 97 gold pieces
 12716 | Orc:4    | Bought a scroll of enchant weapon for 97 gold pieces
 12716 | Orc:4    | Bought a scroll of identify for 26 gold pieces
 12716 | Orc:4    | Bought a scroll of teleportation for 39 gold pieces
 12716 | Orc:4    | Bought a scroll of summoning for 123 gold pieces
 12716 | Orc:4    | Bought a scroll of enchant armour for 97 gold pieces
 12716 | Orc:4    | Bought a scroll of enchant weapon for 97 gold pieces
 12716 | Orc:4    | Bought a scroll of fog for 26 gold pieces
 13061 | Orc:4    | Paralysed by Rupert for 3 turns
 13331 | Lair:1   | Entered Level 1 of the Lair of Beasts
 13331 | Lair:1   | Noticed an eight-headed hydra
 13348 | Lair:1   | Killed an eight-headed hydra
 13348 | Lair:1   | Reached XP level 13. HP: 46/115 MP: 18/18
 13493 | Lair:1   | Noticed a seven-headed hydra
 13503 | Lair:1   | Killed a seven-headed hydra
 13609 | Lair:1   | Noticed a seven-headed hydra
 13615 | Lair:1   | Killed a seven-headed hydra
 13810 | Lair:1   | Reached skill level 12 in Maces & Flails
 14812 | Lair:3   | Received a gift from Trog
 14913 | Lair:3   | Noticed Goblin1989's ghost (journeyman DsAr)
 15187 | Lair:4   | Reached skill level 10 in Armour
 15780 | Lair:4   | Reached ****** piety under Trog
 16023 | Lair:5   | Found a staircase to the Shoals.
 16033 | Lair:5   | Received a gift from Trog
 16119 | Lair:5   | Reached XP level 14. HP: 122/124 MP: 20/20
 16364 | Lair:5   | Got a crude pewter ring
 16530 | Lair:6   | Reached skill level 10 in Evocations
 16585 | Lair:6   | Found a hole to the Spider Nest.
 17064 | Lair:3   | Killed Goblin1989's ghost
 17135 | D:10     | Bought a scroll of brand weapon for 240 gold pieces
 17135 | D:10     | Bought a potion of haste for 120 gold pieces
 17154 | D:10     | Identified a +4 rod of clouds (9/9) (You found it in a labyrinth)
 17155 | D:10     | Identified a +7 rod of clouds (11/11) (You found it in a labyrinth)
 17157 | D:10     | Identified the ring of Inik {rPois Str+5 Int+4} (You found it on level 5 of the Lair of Beasts)
 17216 | Lair:4   | Reached skill level 13 in Maces & Flails
 17348 | Lair:6   | Found a runed door.
 17349 | Lair:6   | Found a viscous altar of Jiyva.
 17349 | Lair:6   | Noticed an acid blob
 17351 | Lair:6   | Found a staircase to the Slime Pits.
 18236 | Lair:8   | Entered Level 8 of the Lair of Beasts
 18441 | Lair:8   | Received a gift from Trog
 19004 | Lair:8   | Received a gift from Trog
 19198 | Lair:8   | Reached XP level 15. HP: 89/128 MP: 21/21
 19465 | Lair:8   | Reached skill level 10 in Dodging
 19571 | Lair:8   | Reached skill level 14 in Maces & Flails
 20176 | D:11     | Noticed Josephine
 20187 | D:11     | Killed Josephine
 20221 | D:11     | Received a gift from Trog
 20491 | D:11     | Noticed Erica
 20509 | D:11     | Killed Erica
 20509 | D:11     | Reached skill level 1 in Throwing
 20815 | D:11     | Noticed an unseen horror
 20821 | D:11     | Killed an unseen horror
 21199 | D:12     | Received a gift from Trog
 21281 | D:12     | Found a runed door.
 21287 | D:12     | Found a runed door.
 22240 | D:13     | You fall through a shaft!
 22315 | D:13     | Received a gift from Trog
 22319 | D:13     | Got a transparent great mace {god gift}
 22323 | D:13     | Identified the +4 great mace of Egalitarianism {freeze, rF+} (Trog gifted it to you on level 13 of the Dungeon)
 22539 | D:13     | Found a gate to the Vaults.
 22917 | D:13     | Reached skill level 15 in Maces & Flails
 23073 | D:13     | Received a gift from Trog
 23468 | D:14     | Found a basalt altar of Yredelemnul.
 23549 | D:14     | Found Era Zotimo's Antique Weapon Boutique.
 23590 | D:14     | Found a gateway to a bazaar.
 23624 | Bazaar   | Entered a bazaar
 23629 | Bazaar   | Found Tyrem's Antique Armour Shop.
 23643 | Bazaar   | Found Eqoidoemi's Jewellery Shop.
 23689 | Bazaar   | Bought the ring of Wuac {rC+ SInv} for 319 gold pieces
 23689 | Bazaar   | Bought an uncursed amulet of resist corrosion for 220 gold pieces
 23703 | Bazaar   | Bought an ichor-stained scale mail for 180 gold pieces
 23714 | Bazaar   | Identified the +4 scale mail of the Journeyman {Str+2} (You bought it in a shop in a bazaar)
 23797 | D:14     | Found Wusmysk's General Store.
 23830 | D:14     | Bought a potion of curing for 42 gold pieces
 23830 | D:14     | Bought a scroll of teleportation for 42 gold pieces
 23830 | D:14     | Bought a scroll of identify for 28 gold pieces
 23908 | D:14     | Reached XP level 16. HP: 135/139 MP: 22/22
 23924 | D:14     | Found Imalacsi's Weapon Shop.
 24006 | D:14     | Found Huz Xee's Distillery.
 24015 | D:14     | Bought 2 potions of haste for 260 gold pieces
 24015 | D:14     | Bought a potion of curing for 39 gold pieces
 24018 | D:14     | Found Fyitam's Magic Scroll Boutique.
 24021 | D:14     | Bought a scroll of teleportation for 54 gold pieces
 24306 | D:15     | Entered Level 15 of the Dungeon
 24348 | D:15     | Reached skill level 5 in Throwing
 24604 | D:15     | Received a gift from Trog
 24830 | D:15     | Noticed Agnes
 24847 | D:15     | Killed Agnes
 25293 | D:15     | Found a staircase to the Depths.
 25398 | D:14     | Bought a scroll of identify for 36 gold pieces
 25398 | D:14     | Bought a scroll of enchant armour for 135 gold pieces
 25652 | Spider:1 | Entered Level 1 of the Spider Nest
 26653 | Spider:1 | Received a gift from Trog
 26654 | Spider:1 | Reached skill level 16 in Maces & Flails
 27261 | Spider:3 | Received a gift from Trog
 27262 | Spider:3 | Noticed Arachne
 27468 | Spider:2 | Received a gift from Trog
 27470 | Spider:2 | Killed Arachne
 27732 | Spider:3 | Reached XP level 17. HP: 142/154 MP: 23/23
 28290 | Spider:4 | Entered Level 4 of the Spider Nest
 28685 | Spider:3 | Received a gift from Trog
 28838 | Spider:4 | Received a gift from Trog
 29133 | Spider:4 | Received a gift from Trog
 29377 | Spider:4 | Reached skill level 15 in Fighting
 29755 | Spider:4 | Received a gift from Trog
 30101 | Spider:4 | Reached skill level 17 in Maces & Flails
 30249 | Spider:4 | Got a gossamer rune of Zot
 30470 | Shoals:1 | Entered Level 1 of the Shoals
 30594 | Shoals:1 | Received a gift from Trog
 30696 | Shoals:1 | Noticed Donald
 30724 | Shoals:1 | Killed Donald
 30847 | Shoals:1 | Reached XP level 18. HP: 168/168 MP: 25/25
 30866 | Shoals:1 | Received a gift from Trog
 31624 | Shoals:3 | Received a gift from Trog
 31956 | Shoals:4 | Entered Level 4 of the Shoals
 33142 | Shoals:4 | Got a barnacled rune of Zot
 33239 | Shoals:2 | Received a gift from Trog
 34006 | Vaults:1 | Entered Level 1 of the Vaults
 34237 | D:13     | Reached skill level 18 in Fighting
 34806 | Vaults:1 | Reached XP level 19. HP: 148/179 MP: 27/27
 34809 | Vaults:1 | Received a gift from Trog
 35026 | Vaults:1 | Received a gift from Trog
 35801 | Vaults:1 | Received a gift from Trog
 36140 | Vaults:2 | Found Dauz's Gadget Emporium.
 36152 | Vaults:2 | Bought a wand of teleportation (4) for 432 gold pieces
 36294 | Vaults:2 | Found Eduicug's Distillery.
 36302 | Vaults:2 | Bought a potion of magic for 144 gold pieces
 36304 | Vaults:2 | Bought a potion of might for 72 gold pieces
 36304 | Vaults:2 | Bought a potion of agility for 72 gold pieces
 36553 | Vaults:2 | Got a translucent ring mail
 36555 | Vaults:2 | Identified the +1 ring mail "Exzus" {+Blink MP+9 Str+3 Int-5} (You found it on level 2 of the Vaults)
 36588 | Vaults:2 | Found Teumnux's Jewellery Shoppe.
 36790 | Vaults:2 | Received a gift from Trog
 37099 | Vaults:2 | Reached skill level 10 in Throwing
 37585 | Vaults:2 | Found Eqonun's Magic Scroll Boutique.
 37593 | Vaults:2 | Bought a scroll of enchant armour for 157 gold pieces
 37714 | Vaults:2 | Noticed Asterion
 37731 | Vaults:2 | Killed Asterion
 37810 | Vaults:3 | Received a gift from Trog
 38127 | Vaults:3 | Received a gift from Trog
 38144 | Vaults:3 | Reached XP level 20. HP: 66/187 MP: 28/28
 38492 | Vaults:4 | Found a flickering gateway to a bazaar.
 38557 | Vaults:4 | Noticed Saint Roka
 38588 | Vaults:4 | Killed Saint Roka
 38619 | Bazaar   | Entered a bazaar
 38627 | Bazaar   | Found Pogry's Antique Weapon Shoppe.
 38638 | Bazaar   | Found Gotoub's Antique Weapon Emporium.
 38657 | Bazaar   | Found Veorr's Antique Armour Shoppe.
 38668 | Bazaar   | Found Ofek Kup's Antique Armour Emporium.
 38685 | Bazaar   | Bought a pair of shimmering gloves for 114 gold pieces
 38685 | Bazaar   | Bought a runed helmet for 54 gold pieces
 38695 | Bazaar   | Bought an embroidered cloak for 144 gold pieces
 38721 | Bazaar   | Identified the +1 pair of gloves "Tyrhuot" {rC+} (You bought it in a shop in a bazaar)
 38960 | Vaults:3 | Received a gift from Trog
 39616 | Vaults:3 | Received a gift from Trog
 39644 | Vaults:3 | Got a pitted ring mail
 39646 | Vaults:3 | Identified the +2 ring mail of Masochism {Int+2} (You found it on level 3 of the Vaults)
 39666 | Vaults:3 | Found a staircase to the Crypt.
 39832 | Vaults:3 | Found Moumar's Armour Shoppe.
 40069 | Vaults:4 | Received a gift from Trog
 40229 | Vaults:4 | Received a gift from Trog
 40777 | Vaults:4 | Reached skill level 19 in Maces & Flails
 40786 | Vaults:4 | Received a gift from Trog
 41065 | Vaults:4 | Reached XP level 21. HP: 133/193 MP: 29/29
 41070 | Vaults:4 | Received a gift from Trog
 42349 | Vaults:4 | Received a gift from Trog
 42654 | Depths:1 | Entered Level 1 of the Depths
 42695 | Depths:1 | Received a gift from Trog
 42948 | Depths:1 | Found a gateway to Hell.
 43487 | Depths:1 | Received a gift from Trog
 43706 | Depths:1 | Found Gaunits's Antique Weapon Shop.
 44110 | Depths:1 | Reached skill level 15 in Armour
 44464 | Depths:1 | Received a gift from Trog
 44739 | Depths:3 | Found Jonier's Antique Armour Shoppe.
 44846 | Depths:3 | Found a one-way gate leading to the halls of Pandemonium.
 45006 | Depths:3 | Paralysed by a great orb of eyes for 5 turns
 45214 | Depths:3 | Noticed a golden dragon
 45248 | Depths:3 | Killed a golden dragon
 45473 | Depths:3 | Reached XP level 22. HP: 192/201 MP: 30/30
 45763 | Depths:3 | Received a gift from Trog
 45882 | Depths:3 | Reached skill level 15 in Dodging
 46243 | Depths:3 | Noticed a caustic shrike
 46256 | Depths:3 | Killed a caustic shrike
 46256 | Depths:3 | Reached skill level 20 in Maces & Flails
 46526 | Depths:3 | Noticed a golden dragon
 46812 | Depths:3 | Received a gift from Trog
 47040 | Depths:3 | Got a warped bronze ring
 47042 | Depths:3 | Identified the ring "Iviemywa" {rF+ rC+ rN+} (You took it off a tengu warrior on level 3 of the Depths)
 47246 | Depths:3 | Noticed a golden dragon
 47257 | Depths:3 | Killed a golden dragon
 47373 | Depths:3 | Killed a golden dragon
 47401 | Depths:3 | Identified the Almanac of Changing (You found it on level 3 of the Depths)
 47644 | Depths:4 | Found a gateway to a ziggurat.
 47922 | Depths:3 | Received a gift from Trog
 47976 | Depths:4 | Found a one-way gate to the infinite horrors of the Abyss.
 48301 | Depths:4 | Noticed Margery
 48316 | Depths:4 | Killed Margery
 48333 | Depths:4 | Received a gift from Trog
 48480 | Depths:4 | Received a gift from Trog
 48692 | Depths:4 | Reached XP level 23. HP: 208/208 MP: 31/31
 48797 | Depths:4 | Noticed the Enchantress
 49068 | Depths:5 | Entered Level 5 of the Depths
 49339 | Depths:5 | Received a gift from Trog
 49595 | Depths:5 | Noticed a juggernaut
 49819 | Depths:5 | Noticed a juggernaut
 49843 | Depths:5 | Killed a juggernaut
 49934 | Depths:5 | Received a gift from Trog
 50645 | Depths:5 | Found a gate to the Realm of Zot.
 50857 | Depths:5 | Received a gift from Trog
 51123 | Depths:5 | Received a gift from Trog
 52616 | Vaults:5 | Entered Level 5 of the Vaults
 52662 | Vaults:5 | Reached XP level 24. HP: 205/217 MP: 31/31
 52668 | Vaults:5 | Received a gift from Trog
 53238 | Vaults:5 | Received a gift from Trog
 53343 | Vaults:5 | Noticed an ancient lich
 53366 | Vaults:5 | Killed an ancient lich
 53971 | Vaults:5 | Received a gift from Trog
 53994 | Vaults:5 | Got a silver rune of Zot
 54052 | Vaults:5 | Noticed an ancient lich
 54324 | Vaults:5 | Got a faintly glowing wooden ring
 54481 | Vaults:5 | Slain by an iron dragon

Action                   |  1- 3 |  4- 6 |  7- 9 | 10-12 | 13-15 | 16-18 | 19-21 | 22-24 || total
-------------------------+-------+-------+-------+-------+-------+-------+-------+-------++-------
Melee: Mace              |   139 |   146 |       |       |       |       |       |       ||   285
       Flail             |       |   143 |   508 |   274 |       |       |       |       ||   925
       Great mace        |       |       |       |   574 |   799 |  1548 |  1683 |  1555 ||  6159
       Dire flail        |       |       |       |    66 |   470 |    15 |   120 |   177 ||   848
 Fire: Blowgun           |       |       |       |       |       |    87 |       |       ||    87
Throw: Throwing net      |       |       |       |       |       |     1 |       |       ||     1
       Javelin           |       |       |       |       |       |     7 |    59 |    29 ||    95
Invok: Burn Spellbooks   |     1 |       |       |     1 |     4 |     4 |     1 |     2 ||    13
       Brothers in Arms  |       |       |     1 |     7 |       |     3 |     2 |     5 ||    18
       Trog's Hand       |       |       |       |     3 |     1 |     7 |    25 |    33 ||    69
 Abil: Evoke Invisibilit |       |       |       |       |       |     3 |     1 |       ||     4
Evoke: Wand              |       |       |       |    24 |    18 |    14 |    17 |    21 ||    94
       Rod               |       |       |       |       |       |     3 |       |       ||     3
       Phantom mirror    |       |       |       |       |       |       |     1 |       ||     1
  Use: Scroll            |       |       |    19 |    16 |    15 |    12 |    13 |    13 ||    88
       Potion            |       |       |     2 |     4 |     1 |     3 |     7 |    11 ||    28
 Stab: Paralysed         |       |       |       |    16 |       |     1 |       |       ||    17
       Distracted        |       |       |       |     1 |       |       |       |     3 ||     4
       Invisible         |       |       |       |     2 |       |    16 |     6 |       ||    24
       Confused          |       |       |       |       |       |     2 |       |       ||     2
  Eat: Chunk             |    13 |    27 |    35 |   119 |   156 |   250 |   200 |   173 ||   973

Action                   |  1- 3 |  4- 6 |  7- 9 | 10-12 | 13-15 | 16-18 | 19-21 | 22-24 || total
-------------------------+-------+-------+-------+-------+-------+-------+-------+-------++-------
Melee: Mace              |   139 |   146 |       |       |       |       |       |       ||   285
       Flail             |       |   143 |   508 |   274 |       |       |       |       ||   925
       Great mace        |       |       |       |   574 |   799 |  1548 |  1683 |  1555 ||  6159
       Dire flail        |       |       |       |    66 |   470 |    15 |   120 |   177 ||   848
 Fire: Blowgun           |       |       |       |       |       |    87 |       |       ||    87
Throw: Throwing net      |       |       |       |       |       |     1 |       |       ||     1
       Javelin           |       |       |       |       |       |     7 |    59 |    29 ||    95
Invok: Burn Spellbooks   |     1 |       |       |     1 |     4 |     4 |     1 |     2 ||    13
       Brothers in Arms  |       |       |     1 |     7 |       |     3 |     2 |     5 ||    18
       Trog's Hand       |       |       |       |     3 |     1 |     7 |    25 |    33 ||    69
 Abil: Evoke Invisibilit |       |       |       |       |       |     3 |     1 |       ||     4
Evoke: Wand              |       |       |       |    24 |    18 |    14 |    17 |    21 ||    94
       Rod               |       |       |       |       |       |     3 |       |       ||     3
       Phantom mirror    |       |       |       |       |       |       |     1 |       ||     1
  Use: Scroll            |       |       |    19 |    16 |    15 |    12 |    13 |    13 ||    88
       Potion            |       |       |     2 |     4 |     1 |     3 |     7 |    11 ||    28
 Stab: Paralysed         |       |       |       |    16 |       |     1 |       |       ||    17
       Distracted        |       |       |       |     1 |       |       |       |     3 ||     4
       Invisible         |       |       |       |     2 |       |    16 |     6 |       ||    24
       Confused          |       |       |       |       |       |     2 |       |       ||     2
  Eat: Chunk             |    13 |    27 |    35 |   119 |   156 |   250 |   200 |   173 ||   973
